 Dungeon Crawl Stone Soup version 0.24.0-13-gcf9b3192b9 (webtiles) character file.

Game seed: 13549217047865000569, levelgen mode: deterministic

625 Ge0ff the Ruffian (level 7, -9/57 HPs)
             Began as a Ghoul Wizard on Nov 8, 2019.
             Was a Believer of Okawaru.
             Mangled by a hornet zombie (11 damage)
             ... on level 5 of the Dungeon.
             The game lasted 00:08:02 (4760 turns).

Ge0ff the Ruffian (Ghoul Wizard)                    Turns: 4760, Time: 00:08:03

Health: -9/57      AC:  7    Str: 13    XL:     7   Next: 47%
Magic:  10/10      EV:  9    Int: 13    God:    Okawaru [**....]
Gold:   236        SH:  0    Dex:  7    Spells: 11/11 levels left

rFire    . . .     SeeInvis .     - Unarmed
rCold    + . .     Gourm    .   (no shield)
rNeg     + + +     Faith    .   T - +0 scale mail
rPois    ∞         Spirit   .   b - +1 hat
rElec    .         Reflect  .   (no cloak)
rCorr    +         Harm     .   (no gloves)
MR       +....                  (no boots)
Stlth    ..........             (no amulet)
HPRegen  0.00/turn              s - ring of resist corrosion
MPRegen  0.12/turn              S - ring of protection from magic

@: rotting
A: rotting body, claws 1, carnivore, cold resistance 1, negative energy
resistance 3, inhibited regeneration, torment resistance, unbreathing
a: Heroism, Renounce Religion


You were on level 5 of the Dungeon.
You worshipped Okawaru.
Okawaru was pleased with you.
You were not hungry.

You visited 1 branch of the dungeon, and saw 5 of its levels.

You collected 236 gold pieces.

Inventory:

Missiles
 u - 93 stones
 N - 32 poisoned darts (quivered)
 R - 50 arrows
 V - 18 sling bullets
 W - 4 curare-tipped darts {=f}
Armour
 a - a +0 robe
 b - a +1 hat (worn)
 y - a +0 ring mail
 T - a +0 scale mail (worn)
 U - a +0 plate armour
Jewellery
 s - a ring of resist corrosion (left claw)
 E - an uncursed ring of fire
 S - a ring of protection from magic (right claw)
 Z - an uncursed amulet of inaccuracy
Wands
 t - a wand of scattershot (4)
 x - a wand of random effects (22)
Scrolls
 m - a scroll of magic mapping
 B - a scroll of blinking
 C - 3 scrolls of remove curse
 Y - a scroll of enchant armour
Potions
 M - 2 potions of might
 P - 2 potions of cancellation {unknown}
 Q - a potion of haste {unknown}
 X - 2 potions of flight
Comestibles
 r - 8 rations


   Skills:
 + Level 3.4 Fighting
 + Level 1.2 Armour
 - Level 1.7 Dodging
 - Level 2.1 Stealth
 * Level 6.0 Unarmed Combat
 - Level 2.6 Spellcasting
   Level 0.7 Conjurations
   Level 0.8 Summonings
   Level 0.8 Translocations
 + Level 3.1 Invocations
 + Level 1.5 Evocations


You had 11 spell levels left.
You didn't know any spells.
Your spell library contained the following spells:

 Spells                   Type           Power        Failure   Level  Hunger
 Magic Dart               Conj           #...         65%         1    #......
 Blink                    Tloc           N/A          77%         2    ###....
 Call Imp                 Summ           #.......     77%         2    ###....
 Slow                     Hex            #.......     86%         2    ###....
 Conjure Flame            Conj/Fire      #.......     96%         3    ###....
 Mephitic Cloud           Conj/Pois/Air  #.......     97%         3    ###....


Dungeon Overview and Level Annotations

Branches:
Dungeon (5/15)             Temple (0/1) D:4

Altars:
Okawaru


Innate Abilities, Weirdness & Mutations

Your body is rotting away.
You thrive on raw meat.
You are immune to poison.
You have sharp fingernails.
You are carnivorous and can eat meat at any time.
Your flesh is cold resistant. (rC+)
You are immune to negative energy. (rN+++)
You do not regenerate when monsters are visible.
You are immune to unholy pain and torment.
You can survive without breathing.


Message History

You closely miss the hornet zombie.
The hornet zombie is severely damaged.
The hornet zombie barely misses you.
Your scale mail prevents you from hitting the hornet zombie.
The hornet zombie is severely damaged.
The hornet zombie hits you but does no damage.
You scratch the hornet zombie.
The hornet zombie is severely damaged.
The hornet zombie barely misses you. The hornet zombie hits you!
* * * LOW HITPOINT WARNING * * *
You barely miss the hornet zombie.
The hornet zombie is severely damaged.
The hornet zombie hits you.
* * * LOW HITPOINT WARNING * * *
You barely miss the hornet zombie.
The hornet zombie is severely damaged.
The hornet zombie hits you!
* * * LOW HITPOINT WARNING * * *
You butcher the ogre corpse.
The hornet zombie hits you!
You die...

,,,,,,**,****≈,≈≈,≈,,≈≈..,***,,,,
*****,,*,**,*########≈..,,* *,,,,
******,*,**,*#.........**** *,,,,
+,,* *,,,*#,*#.?.....#** *,,,,
**,* **,,*#.##.......## *,,,,
**,* *,,*#...........#******,,,,
**,* *,,*#...........#,,,,,,,,,,
**,* **,*##..........#,,,,,,,**,
**,* *,,*#...Z@.....#,,,,,,,**,
**,*****,,*#..........#,,,,,,,**,
*,,,,,,,,,#...(......#******,,,,
##########+#...(......# *,,,,
.............^........# *,,,,
.............#+###....# *,,,,
.............#,* *##### *,,,,
.............#,* **************
####..§......#,* *,,,,,,,,,*


You could see a hornet zombie.

Vanquished Creatures
  Menkaure (D:4)
  An ogre (D:5)
  A centaur (D:5)
  2 hounds (D:4)
  An iguana (D:4)
  Ijyb (D:3)
  Terence (D:2)
  Natasha (D:3)
  A worker ant (D:3)
  A hound skeleton (D:5)
  A worker ant zombie (D:3)
  5 adders
  An adder skeleton (D:4)
  3 worms
  2 dart slugs
  A leopard gecko (D:1)
  5 orcs (D:3)
  2 bats
  A giant cockroach (D:3)
  6 goblins
  4 hobgoblins
  2 quokkas
  5 ball pythons
  6 frilled lizards
  13 kobolds
  7 rats
75 creatures vanquished.

Notes
Turn   | Place    | Note
-------+----------+-------------------------------------------
     0 | D:1      | Ge0ff the Ghoul Wizard began the quest for the Orb.
     0 | D:1      | Reached XP level 1. HP: 14/14 MP: 3/3
   347 | D:1      | Reached skill level 1 in Unarmed Combat
   788 | D:1      | Reached XP level 2. HP: 22/22 MP: 4/4
   948 | D:1      | Reached skill level 1 in Fighting
  1300 | D:1      | Reached skill level 2 in Unarmed Combat
  1778 | D:2      | Reached XP level 3. HP: 6/28 MP: 6/6
  2323 | D:2      | HP: 1/27 [adder (3)]
  2326 | D:2      | Reached skill level 3 in Unarmed Combat
  2327 | D:2      | Reached skill level 1 in Armour
  2390 | D:2      | Found an iron altar of Okawaru.
  2433 | D:2      | Became a worshipper of Warmaster Okawaru
  2802 | D:2      | Reached XP level 4. HP: 26/35 MP: 7/7
  2930 | D:3      | Noticed Terence
  3107 | D:3      | Noticed Ijyb
  3184 | D:2      | Killed Terence
  3306 | D:3      | Killed Ijyb
  3306 | D:3      | Reached skill level 1 in Invocations
  3306 | D:3      | Reached XP level 5. HP: 23/40 MP: 8/8
  3441 | D:3      | Reached skill level 4 in Unarmed Combat
  3897 | D:3      | Noticed Natasha
  3912 | D:3      | Killed Natasha
  4116 | D:4      | Found a staircase to the Ecumenical Temple.
  4125 | D:4      | Reached XP level 6. HP: 44/49 MP: 9/9
  4168 | D:4      | Reached * piety under Okawaru
  4168 | D:4      | Reached skill level 5 in Unarmed Combat
  4297 | D:4      | Noticed Menkaure
  4308 | D:4      | Killed Menkaure
  4308 | D:4      | Reached skill level 1 in Evocations
  4517 | D:4      | Reached XP level 7. HP: 56/57 MP: 10/10
  4661 | D:5      | Entered Level 5 of the Dungeon
  4744 | D:5      | Reached ** piety under Okawaru
  4744 | D:5      | Reached skill level 6 in Unarmed Combat
  4759 | D:5      | HP: 2/57 [hornet zombie (9)]
  4760 | D:5      | Mangled by a hornet zombie

Levels and vault maps discovered:
D:1:      elethiomel_arrival_maze, layout_loops_ring
D:2:      layout_basic, okawaru_trees_1
D:3:      wad_river_or_something, layout_basic, uniq_ijyb, uniq_terence,
          uniq_natasha
D:4:      layout_rooms, minmay_temple_entry_from_below_a, first_ration,
          uniq_menkaure
D:5:      layout_basic, gup_sewer_entry_pipe

Skill      XL: |  1  2  3  4  5  6  7 |
---------------+----------------------+-----
Unarmed Combat | 1 2 3 4 5 6 |  6.0
Fighting       | 1 2 3 |  3.4
Armour         | 1 |  1.2
Invocations    | 1 2 3 |  3.1
Evocations     | 1 |  1.5
Dodging        | |  1.7
Stealth        | |  2.1
Spellcasting   | |  2.6
Conjurations   | |  0.7
Summonings     | |  0.8
Translocations | |  0.8

Action                   |  1- 3 |  4- 6 |  7- 9 || total
-------------------------+-------+-------+-------++-------
Melee: Unarmed           |   237 |   330 |    33 ||   600
       Punch             |       |     1 |     1 ||     2
Throw: Throwing net      |       |     2 |       ||     2
       Dart              |       |       |     2 ||     2
Invok: Heroism           |       |       |     1 ||     1
  Use: Scroll            |     5 |     3 |     1 ||     9
       Potion            |     2 |       |       ||     2
 Stab: Sleeping          |     1 |       |       ||     1
  Eat: Chunk             |    17 |    30 |     1 ||    48
Armor: Robe              |     7 |       |       ||     7
       Ring mail         |    47 |    36 |       ||    83
       Scale mail        |       |   113 |    10 ||   123
Dodge: Dodged            |   103 |   104 |    19 ||   226

Levels and vault maps discovered:
D:1:      elethiomel_arrival_maze, layout_loops_ring
D:2:      layout_basic, okawaru_trees_1
D:3:      wad_river_or_something, layout_basic, uniq_ijyb, uniq_terence,
          uniq_natasha
D:4:      layout_rooms, minmay_temple_entry_from_below_a, first_ration,
          uniq_menkaure
D:5:      layout_basic, gup_sewer_entry_pipe
